 Dungeon Crawl Stone Soup version 0.30-a0-620-g0e44632947 (webtiles) character file.

Game seed: 5888312717015421521

7295 Malachi the Nimble (level 10, -4/48 HPs)
             Began as a Felid Monk on Jan 10, 2023.
             Shot with an arrow by Nessos (24 damage)
             ... on level 3 of the Lair of Beasts.
             The game lasted 00:40:16 (24144 turns).

Malachi the Nimble (Felid Monk)                    Turns: 24144, Time: 00:40:17

Health: -4/48      AC:  3    Str:  7    XL:     10   Next: 89%
Magic:  11/27      EV: 33    Int: 14    God:
Gold:   328        SH:  0    Dex: 21    Spells: 13/17 levels left
                                        Lives:  0   Deaths: 2

rFire   + . .      SeeInvis +      - Unarmed
rCold   + + .      Faith    .    (shield unavailable)
rNeg    . . .      Spirit   .    (body armour unavailable)
rPois   +          Reflect  .    (helmet unavailable)
rElec   +          Harm     .    (cloak unavailable)
rCorr   +          Rampage  .    (gloves unavailable)
Will    ++++.                    (boots unavailable)
Stlth   ++++                     C - amulet "Beplof" {Acrobat Will++}
HPRegen 0.28/turn                f - ring of magical power
MPRegen 0.20/turn                z - +5 ring of evasion

@: resistant, quick
A: very small, claws 1, fangs 3, see invisible, speed 1, shaggy fur 3, stealthy
paws, no weapons or thrown items, no armour, multi-lived, horns 1, high MP 1,
strong-willed 1
a: no special abilities


You were on level 3 of the Lair of Beasts.
You visited 3 branches of the dungeon, and saw 13 of its levels.

You collected 838 gold pieces.
You spent 510 gold pieces at shops.

Inventory:

Jewellery
 f - a ring of magical power (left paw)
 l - a ring of poison resistance
 t - a ring of positive energy
 v - an amulet of guardian spirit
 y - a ring of fire
 z - a +5 ring of evasion (right paw)
 C - the amulet "Beplof" (around neck) {Acrobat Will++}
   (You bought it in a shop on level 6 of the Dungeon)

   [amulet of the acrobat]

   It increases your evasion while moving and waiting.
   Will:      It greatly increases your willpower.
Wands
 c - a wand of flame (33)
 s - a wand of paralysis (6)
Scrolls
 b - 4 scrolls of poison
 i - 2 scrolls of magic mapping
 j - 3 scrolls of fog
 n - 3 scrolls of teleportation
 p - a scroll of vulnerability
 u - a scroll of butterflies
 x - 2 scrolls of immolation
Potions
 a - 2 potions of ambrosia
 d - a potion of flight
 e - 4 potions of brilliance
 g - a potion of lignification
 h - a potion of haste
 k - a potion of attraction
 m - a potion of cancellation {unknown}
 w - a potion of mutation
 A - a potion of magic {unknown}
 B - 2 potions of curing
 E - 2 potions of invisibility {unknown}


   Skills:
 - Level 8.0 Fighting
 - Level 12.0 Dodging
 + Level 9.0 Stealth
 - Level 10.0 Unarmed Combat
 - Level 4.0 Spellcasting
 - Level 10.0 Transmutations
 - Level 10.0 Air Magic


You had 13 spell levels left.
You knew the following spells:

 Your Spells              Type           Power      Damage    Failure   Level
a - Airstrike             Air            15%        2d(3-19)  3%          4

Your spell library contained the following spells:

 Spells                   Type           Power      Damage    Failure   Level
 Cigotuvi's Dreadful Rot  Necr/Pois/Air  24%        N/A       8%          2
 Apportation              Tloc           4%         N/A       19%         1
 Magic Dart               Conj           8%         1d3       19%         1
 Necrotise                Necr           8%         1d4       19%         1
 Summon Small Mammal      Summ           8%         N/A       19%         1
 Ice Form                 Ice/Tmut       16%        N/A       24%         4
 Searing Ray              Conj           4%         2d4       28%         2
 Hailstorm                Conj/Ice       2%         3d3       50%         3
 Lightning Bolt           Conj/Air       8%         1d20      56%         5
 Anguish                  Hex/Necr       1%         N/A       88%         4
 Dispel Undead            Necr           2%         3d7       88%         4
 Fulminant Prism          Conj/Hex       1%         3d5       88%         4
 Sticky Flame             Conj/Fire      2%         2d3       88%         4
 Storm Form               Tmut/Air       15%        N/A       95%         7
 Death Channel            Necr           1%         N/A       100%        6
 Simulacrum               Ice/Necr       1%         N/A       100%        6
 Enfeeble                 Hex            1%         N/A       100%        7


Dungeon Overview and Level Annotations

Branches:
Dungeon (9/15)             Temple (1/1) D:6            Lair (3/5) D:9
  Swamp: Lair:2-3    Shoals: Lair:2-3     Snake: Lair:2-3    Spider: Lair:2-3
    Orc: D:9-12

Altars:
Ashenzari
Cheibriados
Dithmenos
Fedhas
Gozag
Hepliaklqana
Makhleb
Okawaru
Qazlal
Ru
Sif Muna
Trog
Uskayaw
Vehumet
Wu Jian
Xom
Yredelemnul
Zin
The Shining One

Shops:
D:4 !   D:6 !:[=*   D:9 *

Annotations:
Lair:3 Nessos


Innate Abilities, Weirdness & Mutations

You have sharp claws.
You have razor-sharp teeth.
You have supernaturally acute eyesight. (SInv)
You cover ground quickly. (Speed+)
Your thick and shaggy fur keeps you warm. (AC +3, rC+)
Your paws help you pounce on unaware monsters.
You are incapable of wielding weapons or throwing items.
You cannot wear armour.
You gain extra lives every three experience levels.
You have a pair of small horns on your head.
You have an increased reservoir of magic. (+10% MP)
You are strong-willed. (Will+)


Message History

Your butterfly dies!
Your butterfly disappears in a burst of colours!
The wyvern bites the plant.
The plant begins to die.
Unknown command.
Aiming: Airstrike (dangerous; 3% risk of failure)
Press: ? - help, Q - select action, (/) - cycle Dir - move target, f/p - Nessos
Aim: Nessos, wearing a +0 barding (fast, empty space bonus: 4/8)
The air twists around and strikes Nessos!
Nessos is moderately wounded.
Nessos wields a +2 longbow of flaming.
It bursts into flame!
Nessos shoots an arrow.
The arrow completely misses you. The arrow hits your butterfly!
The arrow burns your butterfly.
Your butterfly dies!
Your butterfly disappears in a burst of colours!
The wyvern bites the plant!
The yak gores the plant.
Unknown command.
Aiming: Airstrike (dangerous; 3% risk of failure)
Press: ? - help, Q - select action, (/) - cycle Dir - move target, f/p - Nessos
Aim: Nessos, wielding a +2 longbow of flaming and wearing a +0 barding (moderately wounded, fast, ally target, empty space bonus: 3/8)
The air twists around and strikes Nessos!
Nessos is heavily wounded.
Nessos unwields a +2 longbow of flaming.
It stops flaming.
Nessos hits your butterfly.
Your butterfly dies!
Your butterfly disappears in a burst of colours!
The wyvern misses your butterfly.
Nessos wields a +2 longbow of flaming.
It bursts into flame!
Nessos shoots an arrow.
The arrow misses you. The arrow hits your butterfly!!
The arrow burns your butterfly.
Your butterfly dies!
Your butterfly disappears in a burst of colours!
The wyvern completely misses your butterfly.
Unknown command.
Aiming: Airstrike (dangerous; 3% risk of failure)
Press: ? - help, Q - select action, (/) - cycle Dir - move target, f/p - Nessos
Aim: Nessos, wielding a +2 longbow of flaming and wearing a +0 barding (heavily wounded, fast, ally target, empty space bonus: 3/8)
The air twists around and strikes Nessos.
Nessos is heavily wounded.
Nessos shoots an arrow.
The arrow hits you!!
Ouch! That really hurt!
You die...

.............###..# ..#
###.....# #..# .. ..# ###..##
##.# #. ##.# #..## ..# #. #..#
#..(# ..# #c #bb#### #...# ..
#.#####...#P#####.## #
.#.###b#P#..#bbb.##.##.#####.
!$...bYYlb.Y.@.cbb...†.......#
.#..#.Y##..#P#........#.##..#
#...#######........### ###.#
##.......# #Y# #.........#


YY# .#........# YYY ............# #.. ............ #.. ....P#.#..... You could
see Nessos (fast, ally target), 4 yaks and a wyvern.

Vanquished Creatures
  A catoblepas (Lair:2)
  A two-headed ogre (D:9)
  Pikel (D:5)
  A cyclops (D:6)
  A black mamba (Lair:1)
  Maggie (D:8)
  3 cane toads
  2 komodo dragons (Lair:1)
  11 rime drakes (Lair:2)
  2 trolls (D:9)
  11 blink frogs
  3 dream sheep (D:8)
  A shadow (D:7)
  A wraith (D:6)
  27 yaks
  A basilisk (Lair:1)
  Eustachio (D:5)
  13 steam dragons
  7 water moccasins
  3 black bears
  An ice beast (D:7)
  6 orc warriors
  11 ogres
  5 centaurs
  A lemure (D:5)
  A phantom (D:6)
  10 kobold brigands
  9 bullfrogs
  2 gnoll sergeants
  12 wights
  9 killer bees (D:9)
  An electric eel (Lair:1)
  2 jellies
  6 howler monkeys (D:6)
  8 hounds (D:6)
  15 orc priests
  3 gnoll boudas
  4 iguanas
  15 orc wizards
  7 adders
  12 gnolls
  A shadow imp (D:7)
  A white imp (D:4)
  2 worms (D:3)
  A dart slug (D:3)
  37 orcs
  7 ball pythons
  6 bats
  5 endoplasms
  A giant cockroach (D:1)
  10 goblins
  8 hobgoblins
  8 jackals (D:3)
  3 quokkas
  3 frilled lizards
  20 kobolds
  4 rats
349 creatures vanquished.

Vanquished Creatures (others)
  An acid dragon (Lair:2)
  A centaur (D:7)
  14 fungi
  20 plants
36 creatures vanquished.

Grand Total: 385 creatures vanquished

Notes
Turn   | Place    | Note
-------+----------+-------------------------------------------
     0 | D:1      | Malachi the Felid Monk began the quest for the Orb.
     0 | D:1      | Reached XP level 1. HP: 10/10 MP: 2/2
   231 | D:1      | Reached XP level 2. HP: 14/14 MP: 3/3
   482 | D:1      | Found a faded altar of an unknown god.
  1178 | D:2      | Reached XP level 3. HP: 17/17 MP: 4/4
  1475 | D:2      | Reached skill level 5 in Dodging
  2289 | D:3      | Reached XP level 4. HP: 21/21 MP: 5/5
  2641 | D:4      | Got the Catalogue of Wildfire and Ceraunoscopy
  2856 | D:4      | Found Iront's Distillery.
  2908 | D:4      | Noticed an ogre
  2920 | D:4      | Killed an ogre
  2921 | D:4      | Reached skill level 6 in Dodging
  2921 | D:4      | Reached XP level 5. HP: 24/24 MP: 6/6
  3217 | D:4      | Found a glowing silver altar of Zin.
  3217 | D:4      | Noticed an angel
  3661 | D:5      | Entered Level 5 of the Dungeon
  3887 | D:5      | Noticed Pikel
  3887 | D:5      | Noticed a lemure
  3999 | D:5      | Noticed a water moccasin
  4010 | D:5      | Killed a water moccasin
  4011 | D:5      | Reached skill level 5 in Unarmed Combat
  4011 | D:5      | Gained mutation: You are covered in thick fur. (AC +2)
                  | [Felid growth]
  4011 | D:5      | Reached XP level 6. HP: 19/28 MP: 7/7
  4332 | D:5      | Noticed Eustachio
  4347 | D:5      | Killed Eustachio
  4348 | D:5      | Reached skill level 7 in Dodging
  4920 | D:6      | Found Tosimi's General Store.
  5070 | D:5      | Reached XP level 7. HP: 20/32 MP: 8/8
  5905 | D:5      | Reached skill level 8 in Dodging
  6598 | D:5      | Killed Pikel
  6599 | D:5      | Reached skill level 5 in Fighting
  6599 | D:5      | Reached skill level 9 in Dodging
  6599 | D:5      | Reached XP level 8. HP: 37/37 MP: 9/9
  6635 | D:6      | Found Mapeostru's Jewellery Boutique.
  6908 | D:6      | Found a staircase to the Ecumenical Temple.
  6914 | Temple   | Entered the Ecumenical Temple
  8181 | D:6      | Reached skill level 10 in Dodging
  8190 | D:6      | Reached XP level 9. HP: 22/41 MP: 10/10
  9665 | D:6      | Noticed a cyclops
  9675 | D:6      | Killed a cyclops
  9915 | D:6      | Reached skill level 11 in Dodging
 10729 | D:6      | Reached skill level 10 in Unarmed Combat
 10729 | D:6      | Reached XP level 10. HP: 47/48 MP: 11/11
 10776 | D:6      | Found Mac Amom's Distillery.
 10794 | D:6      | Found Nosaumat's Antique Armour Shoppe.
 10815 | D:6      | Found Ucsopneo's Book Shoppe.
 10961 | D:6      | Reached skill level 1 in Transmutations
 11047 | D:6      | Reached skill level 1 in Spellcasting
 11047 | D:6      | Reached skill level 1 in Air Magic
 11330 | D:7      | HP: 1/48 [something (7)]
 11994 | D:7      | Found a sacrificial altar of Ru.
 12170 | D:7      | Reached skill level 12 in Dodging
 13426 | D:8      | Learned a level 4 spell: Airstrike
 13503 | D:8      | Reached skill level 5 in Air Magic
 13529 | D:8      | Reached XP level 11. HP: 23/51 MP: 8/18
 14039 | D:8      | Noticed Maggie
 14297 | D:8      | Killed Maggie
 14913 | D:9      | Found a snail-covered altar of Cheibriados.
 15762 | D:9      | Noticed a two-headed ogre
 16076 | D:9      | Found a hazy altar of Hepliaklqana.
 16077 | D:9      | Found a shadowy altar of Dithmenos.
 16085 | D:9      | Found Opsuz's General Store.
 16134 | D:6      | Bought the amulet "Beplof" {Acrobat Will++} for 510 gold
                  | pieces
 17146 | D:9      | Found a staircase to the Lair.
 17810 | D:9      | Killed a two-headed ogre
 18292 | Lair:1   | Entered Level 1 of the Lair of Beasts
 18330 | Lair:1   | Reached skill level 10 in Air Magic
 18767 | Lair:1   | Reached skill level 5 in Stealth
 19269 | Lair:1   | Gained mutation: Your thick and shaggy fur keeps you warm.
                  | (AC +3, rC+) [Felid growth]
 19269 | Lair:1   | Reached XP level 12. HP: 55/55 MP: 2/19
 19292 | Lair:1   | Reached skill level 5 in Transmutations
 21515 | Lair:1   | Gained mutation: You have a pair of small horns on your
                  | head. [potion of mutation]
 21515 | Lair:1   | Gained mutation: You are strong-willed. (Will+) [potion of
                  | mutation]
 21515 | Lair:1   | Gained mutation: You have an increased reservoir of magic.
                  | (+10% MP) [potion of mutation]
 21793 | Lair:2   | Noticed a catoblepas
 21811 | Lair:2   | Killed a catoblepas
 23209 | Lair:2   | Reached skill level 10 in Transmutations
 23241 | Lair:2   | Killed from afar by an acid dragon
 23242 | Lair:2   | Reached XP level 11. HP: -4/51 MP: 2/19
 23372 | Lair:2   | Killed from afar by a rime drake
 23373 | Lair:2   | Reached XP level 10. HP: -7/48 MP: 4/18
 24130 | Lair:3   | Noticed Nessos
 24144 | Lair:3   | Shot with an arrow by Nessos

Illustrated notes

Levels and vault maps discovered:
D:1:      dpeg_arrival_round_b, layout_basic,
          hellmonk_ecumenical_altar_crossroads, roderic_roman_lattice,
          serial_bayou_crossing
D:2:      cheibrodos_greedy_goblins, layout_basic
D:3:      layout_basic
D:4:      layout_rooms, zin_angel, serial_shops, shop_fountains,
          minmay_pentangle
D:5:      layout_loops_corners, uniq_eustachio, uniq_pikel
D:6:      lemuel_castle_with_subvaults [lemuel_castle_interior_carwin_1],
          layout_basic, minmay_temple_entry_proselytizer, serial_shops, shop,
          shop, nicolae_lakefront_shop, nicolae_stop_n_shop_1, shop
D:7:      cheibrodos_fzero, layout_layer_cave, nicolae_ru_sacrificial_ziggurat
D:8:      layout_gridville, chequers_serial_rivers_room_a,
          dreamdust_gnoll_shepherd, uniq_maggie
D:9:      kennysheep_ambush_hall, layout_gridville,
          riverfiend_overflow_shadow_ancestor, mainiacjoe_overflow_boulevard,
          lair_entry_dummy, serial_shops, shop
Temple:   minmay_temple_curvy_branch
Lair:1:   statuecave_lemuel, layout_layer_cave, nicolae_quartered_pool_impasse,
          grunt_megastairs_5
Lair:2:   layout_regular_city, bobbens_dragon_lair_wall, serial_bayou_shore_b
Lair:3:   layout_small_grid, palyth_hydra_swamp_entry,
          minmay_snake_entry_guardpost_small, uniq_nessos

Skill      XL: |  1  2  3  4  5  6  7  8  9 10 11 12 |
---------------+-------------------------------------+-----
Dodging        | 5 6 7 9 10 11 12 | 12.0
Unarmed Combat | 4 5 7 8 10 | 10.0
Fighting       | 4 5 6 8 |  8.0
Transmutations | 3 4 10 | 10.0
Spellcasting   | 4 |  4.0
Air Magic      | 5 10 | 10.0
Stealth        | 9 5 7 |  9.0

Action                   |  1- 3 |  4- 6 |  7- 9 | 10-12 || total
-------------------------+-------+-------+-------+-------++-------
Melee: Unarmed           |    98 |   141 |   432 |   834 ||  1505
       Bite              |     5 |    14 |    44 |   110 ||   173
       Punch             |     1 |     6 |    19 |    66 ||    92
       Headbutt          |       |       |       |     9 ||     9
 Cast: Airstrike         |       |       |       |   100 ||   100
Evoke: Wand              |       |     3 |    11 |     6 ||    20
  Use: Scroll            |       |     4 |     7 |    10 ||    21
       Potion            |       |       |     3 |    16 ||    19
 Stab: Sleeping          |    12 |     7 |     2 |    17 ||    38
       Paralysed         |       |     2 |    11 |     4 ||    17
       Distracted        |       |     1 |     1 |     1 ||     3
Armor: Skin              |     4 |     6 |    16 |     9 ||    35
Dodge: Dodged            |    47 |   105 |   348 |  1046 ||  1546

Table legend: (Time is in decaauts)
 A = Elapsed time spent in this place.
 B = Non-inter-level travel time spent in this place.
 C = Inter-level travel time spent in this place.
 D = Time resting spent in this place.
 E = Time spent auto-exploring this place.
 F = Levels seen in this place.
 G = Mean time per level.
                   A        B        C        D        E       F      G
               +--------+--------+--------+--------+--------+-----+--------+
         Total |  21866 |  21284 |    582 |  10448 |   6535 |  13 | 1682.0 |
       Dungeon |  15848 |  15351 |    497 |   7079 |   4794 |   9 | 1760.9 |
        Temple |    835 |    832 |      3 |    605 |    200 |   1 |  835.0 |
          Lair |   5182 |   5101 |     81 |   2764 |   1539 |   3 | 1727.3 |
               +--------+--------+--------+--------+--------+-----+--------+

Top non-repeatable levels by time:
     D:6: 3642 daAuts
     D:9: 2910 daAuts
  Lair:1: 2784 daAuts
     D:5: 2695 daAuts
     D:8: 2531 daAuts
  Lair:2: 2352 daAuts
     D:7: 976 daAuts
  Temple: 835 daAuts
     D:3: 796 daAuts
     D:1: 792 daAuts
     D:4: 791 daAuts
     D:2: 713 daAuts
  Lair:3: 46 daAuts
